 Dungeon Crawl Stone Soup version 0.30-a0-800-g7c544603b3 (webtiles) character file.

Game seed: 7362725009250823372

381 dialectric the Trooper (level 6, -8/41 HPs)
             Began as a Gargoyle Chaos Knight on Feb 22, 2023.
             Was a Plaything of Xom.
             Mangled by a culicivora (shapeshifter) (20 damage)
             ... on level 4 of the Dungeon.
             The game lasted 00:04:21 (2533 turns).

dialectric the Trooper (Gargoyle Chaos Knight)      Turns: 2533, Time: 00:04:21

Health: -8/41      AC: 12    Str: 17 (18) XL:     6   Next: 75%
Magic:  6/6        EV: 11    Int:  9 (12) God:    Xom [...*..]
Gold:   141        SH:  0    Dex:  7 (9)  Spells: 5/5 levels left

rFire   . . .      SeeInvis .    a - +0 mace (chaos)
rCold   . . .      Faith    .    (no shield)
rNeg    + . .      Spirit   .    b - +2 leather armour
rPois   ∞          Reflect  .    v - +0 helmet
rElec   +          Harm     .    r - +0 cloak
rCorr   .          Rampage  .    (no gloves)
Will    .....                    (no boots)
Stlth   +                        (no amulet)
HPRegen 0.26/turn                (no ring)
MPRegen 0.10/turn                (no ring)

@: no status effects
A: sickness immunity, AC +4, negative energy resistance 1, electricity
resistance, torment resistance 1, petrification resistance
a: Renounce Religion


You were on level 4 of the Dungeon.
You worshipped Xom.
You were a favourite toy of Xom.
You visited 1 branch of the dungeon, and saw 4 of its levels.

You collected 162 gold pieces.
You spent 21 gold pieces at shops.

Inventory:

Hand Weapons
 a - a +0 mace of chaos (weapon)
 q - the +1 mace "Wejoskar" {flame, rElec Str-4 Int-5 Stlth+}
   (You found it on level 2 of the Dungeon)

   Str:       It affects your strength (-4).
   Int:       It affects your intelligence (-5).
   rElec:     It insulates you from electricity.
   Stlth:     It makes you more stealthy.
Armour
 b - a +2 leather armour (worn)
 r - a +0 cloak (worn)
 v - a +0 helmet (worn)
Wands
 l - a wand of flame (21)
 m - a wand of polymorph (12)
Scrolls
 e - 6 scrolls of identify {unknown}
 f - 2 scrolls of blinking {unknown}
 i - 2 scrolls of magic mapping {unknown}
 j - a scroll of vulnerability {unknown}
 p - a scroll of poison {unknown}
 w - a scroll of teleportation {unknown}
Potions
 d - 2 potions of curing {unknown}
 g - a potion of degeneration
 h - a potion of cancellation {unknown}
 k - a potion of ambrosia {unknown}
 n - 2 potions of mutation {unknown}
 o - a potion of flight {unknown}
 s - a potion of heal wounds {unknown}
 t - a potion of attraction {unknown}
 u - 2 potions of lignification {unknown}
Miscellaneous
 c - a piece from Xom's chessboard (15/15) (quivered)


   Skills:
 * Level 6.1 Fighting
 - Level 3.2 Maces & Flails
 + Level 3.2 Armour
 * Level 3.2 Dodging
 + Level 0.4 Stealth


You had 5 spell levels left.
You didn't know any spells.
Your spell library contained the following spells:

 Spells                   Type           Power      Damage    Failure   Level
 Poisonous Vapours        Pois/Air       0%         N/A       58%         2
 Mephitic Cloud           Conj/Pois/Air  0%         N/A       82%         3
 Petrify                  Tmut/Erth      0%         N/A       99%         4
 Irradiate                Conj/Tmut      0%         3d11      100%        5
 Cigotuvi's Dreadful Rot  Necr/Pois/Air  Unusable   N/A       N/A         2
 Sublimation of Blood     Necr           Unusable   N/A       N/A         2

Dungeon Overview and Level Annotations

Branches:
Dungeon (4/15)             Temple (0/1) D:4

Altars:
Ashenzari
Cheibriados
Wu Jian
Yredelemnul
The Shining One

Shops:
D:2 *   D:3 *

Annotations:
D:3 3 runed translucent doors, Nabski's ghost, novice TeFE; osoart's ghost, amateur FoHu
Abyss:1 Terence


Innate Abilities, Weirdness & Mutations

You are immune to sickness and miasma.
Your stone body is resilient. (AC +4)
You are immune to poison.
You resist negative energy. (rN+)
You are resistant to electric shocks. (rElec)
You are resistant to unholy torment.
You are immune to petrification.


Message History

No target in view!
No target in view!
No target in view!
You now have 141 gold pieces (gained 17).
e - 6 scrolls labelled WYECUN GUNGEN (gained 2)
A ball python comes into view.
A ball python is nearby!
Found 8 stones.
The ball python hisses angrily.
A ball python is nearby!
A ball python is nearby!
Found 4 stones.
Found a stone staircase leading down.
Found a stone.
The ball python bites you but does no damage.
The ball python grabs you. The ball python constricts you.
You see here 8 gold pieces.
You hit the ball python. The shapeshifter loses its grip on you.
The ball python changes into a shapeshifter!
Xom thinks this is hilarious!
The shapeshifter is lightly wounded.
The shapeshifter changes into a culicivora!
You closely miss the culicivora. The culicivora misses you.
You closely miss the culicivora. The culicivora bites you!!
The culicivora bites you!
* * * LOW HITPOINT WARNING * * *
You are too injured to fight recklessly!
You are too injured to fight recklessly!
You are too injured to fight recklessly!
You are too injured to fight recklessly!
A culicivora is nearby!
A culicivora is nearby!
You are too injured to fight recklessly!
Unknown command.
It was a potion of degeneration.
There was something very wrong with that liquid.
You feel weakened.
You feel dopey.
You feel clumsy.
Xom roars with laughter!
The culicivora bites you!!
You die...
Xom howls with laughter!

#.............# #..
###.........†## #..
#####....#.....#####..
......................
#######..###.....###..
#.......###.# #..
##..########.###..
###.................
#..@.#######P.P.....
#....s.....# ##.#####.
..............P#..
#P... #..............
.>....##
.............>P ...#P#
#....(......... #. ##
# ....(.......... ##
..(............ #. #.


You could see a culicivora shaped shifter.

Vanquished Creatures
  Grinder (D:3)
  Jessica (D:2)
  Robin (D:3)
  A gnoll (D:1)
  An adder (D:2)
  An ufetubus (D:4)
  2 worms
  A dart slug (D:2)
  5 endoplasms
  A giant cockroach (D:3)
  12 goblins
  12 hobgoblins
  4 jackals (D:1)
  6 kobolds
  A quokka (D:2)
  9 ball pythons
  6 bats
  2 frilled lizards
  11 rats
78 creatures vanquished.

Notes
Turn   | Place    | Note
-------+----------+-------------------------------------------
     0 | D:1      | dialectric the Gargoyle Chaos Knight began the quest for
                  | the Orb.
     0 | D:1      | Reached XP level 1. HP: 14/14 MP: 1/1
    36 | D:1      | Reached XP level 2. HP: 9/19 MP: 2/2
   103 | D:1      | XOM: divination: detect creatures
   237 | D:1      | Reached skill level 4 in Fighting
   243 | D:1      | Reached skill level 1 in Dodging
   254 | D:1      | Reached XP level 3. HP: 18/24 MP: 3/3
   255 | D:1      | XOM: divination: detect creatures
   486 | D:1      | XOM: silly message
   992 | D:2      | Reached XP level 4. HP: 23/30 MP: 4/4
  1053 | D:2      | Noticed Jessica
  1060 | D:2      | Killed Jessica
  1187 | D:2      | Found Fibuedekk's Assorted Antiques.
  1201 | D:2      | Bought a scroll labelled SUMECYCEUKK for 21 gold pieces
  1216 | D:2      | Identified the +1 mace "Wejoskar" {flame, rElec Str-4 Int-5
                  | Stlth+}
  1263 | D:2      | Found a basalt altar of Yredelemnul.
  1341 | D:2      | Identified the +2 leather armour "Asuhoh" {Harm Fly rF-
                  | Will++}
  1390 | D:3      | Noticed Terence
  1397 | D:3      | Reached skill level 5 in Fighting
  1484 | D:3      | Banished Terence
  1485 | D:3      | Reached XP level 5. HP: 16/35 MP: 5/5
  1772 | D:3      | XOM: 1-stop teleportation journey
  1801 | D:3      | Noticed Grinder
  1808 | D:3      | XOM: potion effect (berserk rage)
  1809 | D:3      | XOM: confuse monster(s)
  1811 | D:3      | XOM: cast spell 'Call Canine Familiar'
  1814 | D:3      | Killed Grinder
  1815 | D:3      | Reached skill level 6 in Fighting
  1815 | D:3      | Reached XP level 6. HP: 41/41 MP: 6/6
  1890 | D:3      | Found Isunixuj's General Store.
  1999 | D:3      | XOM: divination: magic mapping
  2012 | D:3      | Noticed Robin
  2022 | D:3      | Killed Robin
  2041 | D:3      | Found a runed translucent gate.
  2043 | D:3      | Found a runed translucent gate.
  2044 | D:3      | Found a runed translucent gate.
  2045 | D:3      | Noticed osoart's ghost (amateur FoHu)
  2045 | D:3      | Noticed Nabski's ghost (novice TeFE)
  2204 | D:3      | XOM: god gift: 30 gold pieces
  2236 | D:3      | Found a broken altar of Ashenzari.
  2240 | D:3      | Found an ornate altar of the Wu Jian Council.
  2244 | D:3      | Found a glowing golden altar of the Shining One.
  2248 | D:3      | Found a snail-covered altar of Cheibriados.
  2485 | D:4      | Found a staircase to the Ecumenical Temple.
  2530 | D:4      | a ball python changed into a shapeshifter
  2530 | D:4      | Noticed a shapeshifter (shapeshifter)
  2530 | D:4      | a shapeshifter changed into a culicivora
  2530 | D:4      | Noticed a culicivora (shapeshifter)
  2533 | D:4      | Mangled by a culicivora (shapeshifter)

Illustrated notes

Levels and vault maps discovered:
D:1:      minmay_arrival_up_and_down, layout_rooms, minmay_tromino_v2
D:2:      layout_loops_cross, serial_shops, shop, basic_altar, uniq_jessica
D:3:      layout_loops_ring, minitemple, serial_shops, nicolae_shop_crystal,
          gammafunk_ghost_cemetery, lemuel_flame_loot_1, uniq_grinder,
          uniq_robin, uniq_terence
D:4:      layout_rooms, minmay_temple_entry_gardened_gates, serial_shops,
          nicolae_stop_n_shop_2, grunt_ministairs_14, serial_bayou_crossing

Skill      XL: |  1  2  3  4  5 |
---------------+----------------+-----
Fighting       | 4 5 6 |  6.1
Dodging        | 1 3 |  3.2
Armour         | 3 |  3.2
Maces & Flails | |  3.2
Stealth        | |  0.4

Action                     |  1- 3 |  4- 6 || total
---------------------------+-------+-------++-------
  Melee: Mace              |    96 |   139 ||   235
         Punch             |     1 |     1 ||     2
    Use: Scroll            |       |     1 ||     1
         Potion            |       |     1 ||     1
 Armour: Leather armour    |    31 |    88 ||   119
  Dodge: Dodged            |    66 |   111 ||   177

Table legend: (Time is in decaauts)
 A = Elapsed time spent in this place.
 B = Non-inter-level travel time spent in this place.
 C = Inter-level travel time spent in this place.
 D = Time resting spent in this place.
 E = Time spent auto-exploring this place.
 F = Levels seen in this place.
 G = Mean time per level.
                   A        B        C        D        E       F      G
               +--------+--------+--------+--------+--------+-----+--------+
         Total |   2602 |   2524 |     78 |    205 |   1721 |   4 |  650.5 |
       Dungeon |   2602 |   2524 |     78 |    205 |   1721 |   4 |  650.5 |
               +--------+--------+--------+--------+--------+-----+--------+

Top non-repeatable levels by time:
     D:3: 950 daAuts
     D:2: 894 daAuts
     D:1: 686 daAuts
     D:4: 71 daAuts
